 Dungeon Crawl Stone Soup version 0.26-a0-663-g36e8fdb655 (webtiles) character file.

Game seed: 12914147219661720747

13488 grandjackal the Fighter (level 11, -14/141 HPs)
             Began as a Demonspawn Gladiator on Oct 11, 2020.
             Was an Elder of Trog.
             Demolished by Donald
             ... wielding a +6 war axe of freezing
              (38 damage)
             ... on level 1 of the Orcish Mines.
             The game lasted 00:16:03 (18798 turns).

grandjackal the Fighter (Demonspawn Gladiator)     Turns: 18798, Time: 00:16:04

Health: -14/141    AC:  8    Str: 25    XL:     11   Next: 76%
Magic:  11/11      EV: 16    Int:  9    God:    Trog [****..]
Gold:   823        SH: 10    Dex:  9    Spells: 10/10 levels left

rFire    + . .     SeeInvis .   R - +5 long sword
rCold    + . .     Faith    .   D - +0 buckler
rNeg     . . .     Spirit   .   y - +1 leather armour {rF+}
rPois    +         Reflect  +   (helmet restricted)
rElec    .         Harm     +   n - +0 cloak
rCorr    .         Rampage  .   B - +1 pair of gloves "Sakoxtit" {Harm MR+ Dex-5 Slay+6}
MR       +....                  (no boots)
Stlth    ..........             a - amulet of reflection
HPRegen  0.33/turn              k - ring of poison resistance
MPRegen  0.12/turn              r - +6 ring of strength

@: berserking, very quick
A: horns 1, rugged brown scales 1, cold resistance 1, foul stench 1, rot
immunity
a: Berserk, Trog's Hand, Brothers in Arms, Renounce Religion


You were on level 1 of the Orcish Mines.
You worshipped Trog.
Trog was greatly pleased with you.
You visited 3 branches of the dungeon, and saw 16 of its levels.
You also visited: Sewer.

You collected 1155 gold pieces.
You spent 332 gold pieces at shops.

Inventory:

Hand Weapons
 f - a +2 dagger of venom
 A - a +2 dagger of speed
 R - a +5 long sword (weapon)
 T - a +2 dagger of freezing
Missiles
 d - 2 throwing nets (quivered)
Armour
 n - a +0 cloak (worn)
 o - the +1 ring mail of the Sea {Stlth+}
   (You found it on level 6 of the Dungeon)

   It makes you more stealthy.
 v - a +0 pair of gloves
 y - a +1 leather armour of fire resistance (worn)
 B - the +1 pair of gloves "Sakoxtit" (worn) {Harm MR+ Dex-5 Slay+6}
   (You found it on level 8 of the Dungeon)

   It affects your dexterity (-5).
   It affects your accuracy and damage with ranged weapons and melee attacks
   (+6).
   It affects your resistance to hostile enchantments.
   It increases damage dealt and taken.
 D - a +0 buckler (worn)
 J - a +0 kite shield
Jewellery
 a - an amulet of reflection (around neck)
 k - a ring of poison resistance (left hand)
 r - a +6 ring of strength (right hand)
 u - an uncursed ring of stealth
 F - an uncursed ring of protection from cold {unknown}
 L - an uncursed ring of protection from fire
 O - a +6 ring of dexterity {unknown}
Wands
 e - a wand of digging (6)
 E - a wand of flame (11)
 I - a wand of acid (3)
 Q - a wand of iceblast (7)
Scrolls
 b - 4 scrolls of immolation {unknown}
 c - 2 scrolls of amnesia {unknown}
 g - 4 scrolls of identify
 h - 7 scrolls of remove curse
 i - 3 scrolls of enchant armour {unknown}
 p - 3 scrolls of magic mapping
 s - 5 scrolls of teleportation
 w - 2 scrolls of blinking {unknown}
 C - a scroll of torment {unknown}
 G - a scroll of fog {unknown}
 H - a scroll of fear {unknown}
 M - 3 scrolls of enchant weapon
 N - a scroll of silence
 U - 2 scrolls of summoning {unknown}
Potions
 j - 2 potions of might
 l - 5 potions of magic
 m - a potion of haste
 q - 4 potions of heal wounds
 t - 5 potions of curing
 x - a potion of stabbing
Miscellaneous
 K - a lightning rod (4/4)
 P - a tin of tremorstones (3/3)
 S - a phial of floods


   Skills:
 + Level 10.6 Fighting
 + Level 9.9 Long Blades
 - Level 1.7 Throwing
 + Level 10.0 Dodging
 + Level 5.9 Shields


You had 10 spell levels left.
You didn't know any spells.
Your spell library contained the following spells:

 Spells                   Type           Power        Failure   Level
 Poisonous Vapours        Pois/Air       #.....       56%         2
 Conjure Flame            Conj/Fire      #.......     80%         3
 Mephitic Cloud           Conj/Pois/Air  #.......     80%         3
 Freezing Cloud           Conj/Ice/Air   #.........   100%        6


Dungeon Overview and Level Annotations

Branches:
Dungeon (13/15)            Temple (1/1) D:7            Lair (0/6) D:10
    Orc (2/2) D:12          Sewer (visited)
    Elf: Orc:2       Vaults: D:13-14

Altars:
Ashenzari
Cheibriados
Dithmenos
Elyvilon
Fedhas
Gozag
Hepliaklqana
Kikubaaqudgha
Makhleb
Nemelex Xobeh
Okawaru
Qazlal
Ru
Sif Muna
Trog
Uskayaw
Vehumet
Wu Jian
Xom
Yredelemnul
Zin
The Shining One

Shops:
D:11 (***   Orc:2 :

Annotations:
Orc:1 Donald


Innate Abilities, Weirdness & Mutations

You have a pair of small horns on your head.
You are partially covered in rugged brown scales. (AC +1, +3% HP)
Your flesh is cold resistant. (rC+)
You may emit foul miasma when damaged in melee.
You are immune to rotting.


Message History

Donald says, "Fainting that often must mean something's wrong, right?"
Donald misses you.
You riposte.
Donald blocks your attack.
Donald is lightly wounded.
Donald blocks your attack.
You headbutt Donald!
Donald is moderately wounded.
Donald says, "I can never work out what any of these scrolls mean."
Donald completely misses you. Donald blocks your attack. x2
Donald is moderately wounded.
Donald blocks your attack.
You headbutt Donald, but do no damage.
Donald is moderately wounded.
Donald hits you with a +6 war axe of freezing!!
* * * LOW HITPOINT WARNING * * *
Donald freezes you.
* * * LOW HITPOINT WARNING * * *
Donald looks sick.
Donald blocks your attack.
Donald is moderately wounded.
Donald hits you with a +6 war axe of freezing!!
You die...

...##.............##.##
#.###...#......#......#
######.##....##.......#######
##.#.......#.........#.##.##
#......................[...#
##.#......[..........#.##.##
####................######
#....)[..[........#.##
##.#.#...)<@@........##
##...#...)...........#
##.###.............####
####...)#.........##.##
#....#.#........#...#
##..................#
##...............#.##
##.#.......#.........##
#........###..........#


You could see Donald (fast, strong, sick).

Vanquished Creatures
  A hydra (D:11)
  An orc high priest (Orc:1)
  A tengu warrior (D:11)
  2 unseen horrors (D:12)
  An ugly thing (D:11)
  Joseph (D:7)
  A komodo dragon (D:10)
  4 trolls
  2 hornets
  Sigmund (D:3)
  A vampire (D:11)
  6 yaks (D:11)
  A soldier ant (D:12)
  A warg (Orc:2)
  A water moccasin (D:11)
  2 black bears
  9 orc warriors
  4 ice beasts
  A sky beast (D:9)
  9 ogres
  3 necrophages
  2 phantoms
  2 centaurs
  3 big kobolds
  A bullfrog (D:9)
  2 scorpions
  9 killer bees
  23 wights
  A howler monkey (D:6)
  2 electric eels (D:12)
  2 bullfrog zombies
  A centaur zombie (D:7)
  A quasit (D:7)
  14 orc priests
  3 centaur skeletons
  2 hounds
  6 jellies
  16 orc wizards
  2 bullfrog skeletons
  12 worker ants
  2 iguanas
  A hound zombie (D:7)
  A hound skeleton (D:8)
  7 gnolls
  15 adders
  2 shadow imps
  3 white imps
  2 ufetubi
  3 adder zombies
  6 oozes
  An adder skeleton (D:4)
  9 worms
  A dart slug (D:1)
  6 leopard geckos
  69 orcs
  7 giant cockroaches
  6 goblins
  9 hobgoblins
  19 jackals
  A quokka (D:3)
  3 ball pythons
  8 bats
  6 frilled lizards
  A giant cockroach zombie (D:5)
  A jackal zombie (D:8)
  21 kobolds
  A leopard gecko zombie (D:5)
  A quokka skeleton (D:9)
  7 rats
376 creatures vanquished.

Vanquished Creatures (others)
  An orc (Orc:2)
  4 fungi (D:12)
  8 plants
13 creatures vanquished.

Grand Total: 389 creatures vanquished

Notes
Turn   | Place    | Note
-------+----------+-------------------------------------------
     0 | D:1      | grandjackal the Demonspawn Gladiator began the quest for
                  | the Orb.
     0 | D:1      | Reached XP level 1. HP: 16/16 MP: 1/1
   149 | D:1      | Gained mutation: You are immune to rotting. [demonic
                  | ancestry]
   149 | D:1      | Reached XP level 2. HP: 20/22 MP: 2/2
  1037 | D:1      | Reached XP level 3. HP: 27/28 MP: 3/3
  1639 | D:2      | HP: 1/28 [worm (7)]
  2327 | D:2      | Gained mutation: Your flesh is cold resistant. (rC+)
                  | [demonic ancestry]
  2327 | D:2      | Reached XP level 4. HP: 20/35 MP: 4/4
  2932 | D:3      | Gained mutation: You have a pair of small horns on your
                  | head. [demonic ancestry]
  2932 | D:3      | Reached XP level 5. HP: 28/41 MP: 5/5
  3661 | D:3      | Noticed Sigmund
  3670 | D:3      | Killed Sigmund
  3670 | D:3      | Reached XP level 6. HP: 16/48 MP: 6/6
  4468 | D:4      | Reached XP level 7. HP: 55/55 MP: 7/7
  5244 | D:5      | Entered Level 5 of the Dungeon
  5523 | D:5      | Found a shimmering altar of Xom.
  5684 | D:5      | Reached skill level 5 in Fighting
  5684 | D:5      | Reached skill level 5 in Long Blades
  5684 | D:5      | Reached skill level 5 in Dodging
  5906 | D:5      | Found a glowing drain.
  5928 | Sewer    | Entered a sewer
  7204 | D:6      | Found a sacrificial altar of Ru.
  7497 | D:6      | Gained mutation: You are partially covered in rugged brown
                  | scales. (AC +1, +3% HP) [demonic ancestry]
  7497 | D:6      | Reached XP level 8. HP: 54/65 MP: 8/8
  7506 | D:6      | Got a scorched ring mail
  7517 | D:6      | Identified the +1 ring mail of the Sea {Stlth+} (You found
                  | it on level 6 of the Dungeon)
  8003 | D:6      | Found a sparkling altar of Nemelex Xobeh.
  9486 | D:7      | Found a staircase to the Ecumenical Temple.
  9608 | D:7      | Noticed Joseph
  9626 | D:7      | Killed Joseph
  9626 | D:7      | Reached XP level 9. HP: 40/74 MP: 9/9
 10100 | Temple   | Entered the Ecumenical Temple
 10206 | Temple   | Became a worshipper of Trog the Wrathful
 11162 | D:8      | Got a pair of pitted gloves
 11173 | D:8      | Identified the +1 pair of gloves "Sakoxtit" {Harm MR+ Dex-5
                  | Slay+6} (You found it on level 8 of the Dungeon)
 11440 | D:8      | Found a sacrificial altar of Ru.
 11858 | D:9      | Reached * piety under Trog
 11895 | D:9      | Noticed a troll
 11900 | D:9      | Killed a troll
 11900 | D:9      | Reached skill level 1 in Shields
 12161 | D:9      | Reached XP level 10. HP: 84/84 MP: 10/10
 12183 | D:9      | Found a snail-covered altar of Cheibriados.
 12555 | D:10     | Entered Level 10 of the Dungeon
 12701 | D:10     | Found a staircase to the Lair.
 12937 | D:10     | Reached ** piety under Trog
 13723 | D:11     | Noticed a tengu warrior
 13732 | D:11     | Killed a tengu warrior
 13891 | D:11     | Found Qeovisue's Assorted Antiques.
 13893 | D:11     | Reached *** piety under Trog
 13920 | D:11     | Bought 2 metallic emerald potions for 55 gold pieces
 13970 | D:11     | Noticed a cyan ugly thing
 13979 | D:11     | Killed a cyan ugly thing
 14534 | D:11     | Gained mutation: You may emit foul miasma when damaged in
                  | melee. [demonic ancestry]
 14534 | D:11     | Reached XP level 11. HP: 92/92 MP: 11/11
 14620 | D:11     | Found Weercheg's General Store.
 14629 | D:11     | Bought a scroll of silence for 112 gold pieces
 14629 | D:11     | Bought a potion of brilliance for 60 gold pieces
 14643 | D:11     | Found Caeroih's Antique Weapon Shoppe.
 14668 | D:11     | Found Niprosao's General Store.
 14676 | D:11     | Bought a scroll of enchant weapon for 105 gold pieces
 15539 | D:12     | Killed an unseen horror
 15792 | D:12     | Found a staircase to the Orcish Mines.
 15792 | D:12     | Noticed a five-headed hydra
 15839 | D:11     | Killed a five-headed hydra
 15839 | D:11     | Reached skill level 10 in Fighting
 16083 | D:12     | Reached skill level 5 in Shields
 16416 | D:12     | Killed an unseen horror
 16775 | D:12     | Reached **** piety under Trog
 17288 | Orc:1    | Entered Level 1 of the Orcish Mines
 17294 | Orc:1    | Noticed an orc high priest
 17306 | Orc:1    | Killed an orc high priest
 18158 | Orc:2    | Entered Level 2 of the Orcish Mines
 18544 | Orc:2    | Reached skill level 10 in Dodging
 18553 | Orc:2    | Noticed an orc sorcerer
 18554 | Orc:2    | Noticed Donald
 18558 | Orc:2    | Found Rytacwu's Book Shop.
 18678 | Orc:2    | Noticed a sun demon
 18798 | Orc:1    | Demolished by Donald

Illustrated notes

Levels and vault maps discovered:
D:1:      mrwooster_arrival_statue_2, layout_loops_cross, minmay_misc_feat_rows
D:2:      layout_loops_corners, minmay_domino_2
D:3:      layout_basic, uniq_sigmund
D:4:      layout_loops_corners
D:5:      layout_cave_pods, portal_sewer_entry_f, xom_teletrap_fun
D:6:      layout_cave_pods, nemelex_xobeh_ov_fountains_minmay, basic_altar
D:7:      layout_basic, minmay_temple_entry_gardened_gates, uniq_joseph
D:8:      layout_cave_pools, nicolae_ru_sacrificial_ziggurat
D:9:      minmay_inner_zag, layout_basic, cheibrodos_worm_habitat
D:10:     layout_basic, david_lair_shrubbed
D:11:     layout_small_grid, serial_shops,
          nicolae_shop_temple_entry_statues_fountains, shop,
          kennysheep_mini_moat, shop
D:12:     layout_basic, orc_david_3, water_boxes_lemuel
D:13:     layout_rooms, skrybe_vaults_entry_preservation, serial_undead,
          serial_undead_b, serial_undead_e, serial_undead_b, serial_undead_a,
          serial_undead_c, serial_undead_c, serial_undead_b, serial_undead_b,
          basic_altar
Temple:   kilobyte_greek_temple
Orc:1:    layout_caves, uniq_maurice
Orc:2:    grunt_orc_community_town_hall, layout_caves,
          grunt_orc_community_big_house_2, grunt_orc_community_big_house_2,
          grunt_orc_community_house_1, grunt_orc_community_house_2,
          grunt_orc_community_house_2, grunt_orc_community_house_1,
          serial_shops, shop, shop, shop, uniq_donald

Skill      XL: |  1  2  3  4  5  6  7  8  9 10 11 |
---------------+----------------------------------+-----
Dodging        | 3 4 5 6 8 9 10 | 10.0
Long Blades    | 3 4 5 6 8 9 |  9.9
Fighting       | 3 4 5 7 8 9 10 | 10.6
Shields        | 1 4 5 |  5.9
Throwing       | |  1.7

Action                   |  1- 3 |  4- 6 |  7- 9 | 10-12 || total
-------------------------+-------+-------+-------+-------++-------
Melee: Long sword        |   132 |   107 |   404 |   352 ||   995
       Headbutt          |       |    22 |   107 |    76 ||   205
       Dagger            |       |       |       |     3 ||     3
Throw: Throwing net      |       |       |     3 |       ||     3
Invok: Berserk           |       |       |       |     7 ||     7
Evoke: Wand              |       |       |     6 |     2 ||     8
  Use: Potion            |       |     1 |    10 |     2 ||    13
       Scroll            |       |       |       |     8 ||     8
 Stab: Sleeping          |     2 |     1 |     3 |       ||     6
Armor: Leather armour    |    34 |    25 |    40 |    82 ||   181
       Ring mail         |       |       |    41 |       ||    41
Dodge: Dodged            |    96 |    76 |   321 |   210 ||   703
Block: Buckler           |       |       |       |    85 ||    85
       Reflection        |       |       |       |     4 ||     4
       Rpst.: Long sword |    34 |    31 |   112 |    57 ||   234

Table legend: (Time is in decaauts)
 A = Elapsed time spent in this place.
 B = Non-inter-level travel time spent in this place.
 C = Inter-level travel time spent in this place.
 D = Time resting spent in this place.
 E = Time spent auto-exploring this place.
 F = Levels seen in this place.
 G = Mean time per level.
                   A        B        C        D        E       F      G
               +--------+--------+--------+--------+--------+-----+--------+
         Total |  18999 |  18403 |    596 |   6145 |   9775 |  17 | 1117.6 |
       Dungeon |  16850 |  16297 |    553 |   5419 |   8760 |  13 | 1296.2 |
        Temple |    136 |    106 |     30 |      0 |     88 |   1 |  136.0 |
  Orcish Mines |   1283 |   1271 |     12 |    558 |    529 |   2 |  641.5 |
         Sewer |    729 |    729 |      0 |    168 |    398 |   1 |  729.0 |
               +--------+--------+--------+--------+--------+-----+--------+

Top non-repeatable levels by time:
    D:12: 1817 daAuts
     D:7: 1803 daAuts
     D:6: 1797 daAuts
    D:11: 1753 daAuts
     D:2: 1657 daAuts
    D:10: 1410 daAuts
     D:4: 1322 daAuts
     D:3: 1172 daAuts
     D:1: 1146 daAuts
   Orc:1: 1135 daAuts
     D:5: 1075 daAuts
     D:8: 962 daAuts
     D:9: 928 daAuts
   Sewer: 729 daAuts
   Orc:2: 147 daAuts
